 Dungeon Crawl Stone Soup version 0.31-a0-360-gb3e1d13bf4 (webtiles) character file.

Game seed: 2673793142581686395

34 porpoise the Cudgeller (level 3, 0/22 HPs)
             Began as a Gargoyle Gladiator on July 27, 2023.
             Slain by a cerulean imp
             ... wielding a +5 spear
             ... summoned by Natasha
              (8 damage)
             ... on level 2 of the Dungeon.
             The game lasted 00:03:30 (1041 turns).

porpoise the Cudgeller (Gargoyle Gladiator)         Turns: 1041, Time: 00:03:31

Health: 0/22       AC:  9    Str: 19    XL:     3   Next: 31%
Magic:  3/3        EV: 11    Int:  8    God:
Gold:   60         SH:  5    Dex: 11    Spells: 2/2 levels left

rFire   . . .        a - +0 flail
rCold   . . .        (no shield)
rNeg    + . .        p - +0 ring mail
rPois   ∞            c - +0 helmet
rElec   +            (no cloak)
rCorr   .            (no gloves)
SInv    .            (no boots)
Will    .....        j - amulet of reflection
Stlth   +            (no ring)
HPRegen 0.23/turn    (no ring)
MPRegen 0.08/turn

%: reflection
@: slowed, very slow
A: sickness immunity, AC +3, negative energy resistance 1, electricity
resistance, torment resistance 1, petrification resistance
a: no special abilities


You were on level 2 of the Dungeon.
You visited 1 branch of the dungeon, and saw 2 of its levels.

You collected 60 gold pieces.

Inventory:

Hand Weapons
 a - a +0 flail (weapon)
 b - a +0 sling
Missiles
 d - 3 throwing nets (quivered)
 e - a javelin
Armour
 c - a +0 helmet (worn)
 p - a +0 ring mail (worn)
Jewellery
 j - an amulet of reflection (around neck)
Talismans
 h - a beast talisman
Scrolls
 f - a scroll of amnesia {unknown}
 g - a scroll of immolation {unknown}
 i - a scroll of identify {unknown}
 k - a scroll of teleportation
 m - a scroll of noise {unknown}
 n - a scroll of acquirement {unknown}
Potions
 l - a potion of ambrosia {unknown}
 o - a potion of haste {unknown}
 q - a potion of brilliance {unknown}
 r - a potion of lignification {unknown}


   Skills:
 + Level 2.9 Fighting
 * Level 3.9 Maces & Flails
 - Level 1.7 Throwing
 - Level 2.4 Dodging


You had 2 spell levels left.
You didn't know any spells.
Your spell library was empty.

Dungeon Overview and Level Annotations

Branches:
Dungeon (2/15)

Altars:

Annotations:
D:2 Natasha


Innate Abilities, Weirdness & Mutations

You are immune to sickness and miasma.
Your stone body is resilient. (AC +3)
You are immune to poison.
You resist negative energy. (rN+)
You are resistant to electric shocks. (rElec)
You are resistant to unholy torment.
You are immune to petrification.


Message History

Natasha is lightly wounded.
You shoot a sling bullet.
The sling bullet hits Natasha but does no damage.
Natasha is lightly wounded.
a - a +0 flail (weapon)
You closely miss Natasha.
Natasha is lightly wounded.
Natasha casts a spell at you. The magic dart hits you.
You barely miss Natasha.
Natasha is lightly wounded.
Natasha claws you. Natasha closely misses you.
You hit Natasha.
Natasha is moderately wounded.
Natasha misses you.
You miss Natasha.
Natasha is moderately wounded.
Natasha casts a spell.
You hit Natasha.
Natasha is severely wounded.
Natasha claws you but does no damage.
You closely miss Natasha.
Natasha is severely wounded.
Natasha claws you but does no damage.
The cerulean imp hits you from afar with a +0 spear.
You closely miss Natasha.
Natasha is severely wounded.
Natasha mumbles some strange words.
The cerulean imp misses you. Natasha casts a spell at you.
You feel yourself slow down.
You hit Natasha. Your punch misses Natasha.
Natasha is almost dead.
You block the cerulean imp's attack. The cerulean imp barely misses you.
Natasha claws you!
The cerulean imp hits you but does no damage.
You closely miss Natasha.
Natasha is almost dead.
The cerulean imp hits you from afar with a +5 spear!
You die...

##########..# ..#
.......##.#.###### ...#
.......#.###.....#####g.h##
........## #.##...........
.......## ##............h
........## ##.##...........
.......#.###..##5####.....#
..<....##.#...5.h# ###.#
#########...#.##@#
#......>.>#.# #.........#.#
#.........#.#
........####.# ~P.P###....
..# ~~~~ P...## ### ~♣~
~~### ♣


PP# You could see Natasha and 2 cerulean imps.

Vanquished Creatures
  An adder (D:2)
  A dart slug (D:1)
  5 endoplasms (D:1)
  A giant cockroach (D:2)
  A goblin (D:1)
  2 hobgoblins
  4 kobolds (D:1)
  2 ball pythons (D:1)
  2 frilled lizards (D:1)
  2 rats (D:1)
21 creatures vanquished.

Notes
Turn   | Place    | Note
-------+----------+-------------------------------------------
     0 | D:1      | porpoise the Gargoyle Gladiator began the quest for the
                  | Orb.
     0 | D:1      | Reached XP level 1. HP: 12/12 MP: 1/1
   160 | D:1      | Found a faded altar of an unknown god.
   311 | D:1      | Reached XP level 2. HP: 18/18 MP: 2/2
   992 | D:2      | Reached XP level 3. HP: 21/22 MP: 3/3
  1010 | D:2      | Noticed Natasha
  1041 | D:2      | Slain by a cerulean imp

Illustrated notes

Levels and vault maps discovered:
D:1:      dpeg_arrival_circle_labyrinth_c, layout_loops_ring,
          hellmonk_ecumenical_altar_arch_garden, corexii_corridor_pit,
          dreamdust_princess_bridge, minmay_heptomino_d4
D:2:      layout_loops_cross, basic_altar, serial_shops, shop,
          hangedman_feature_mirror, serial_bayou_pond_c, uniq_jessica,
          uniq_sigmund, uniq_natasha

Action                     || total
---------------------------++-------
  Melee: Flail             ||    41
         Punch             ||     1
   Fire: Sling             ||    37
    Use: Scroll            ||     1
   Stab: Sleeping          ||     1
 Armour: Leather armour    ||    13
         Ring mail         ||    10
  Dodge: Dodged            ||    15
  Block: Other             ||     6

Table legend: (Time is in decaauts)
 A = Elapsed time spent in this place.
 B = Non-inter-level travel time spent in this place.
 C = Inter-level travel time spent in this place.
 D = Time resting spent in this place.
 E = Time spent auto-exploring this place.
 F = Levels seen in this place.
 G = Mean time per level.
                   A        B        C        D        E       F      G
               +--------+--------+--------+--------+--------+-----+--------+
         Total |   1058 |    948 |    110 |     15 |    687 |   2 |  529.0 |
       Dungeon |   1058 |    948 |    110 |     15 |    687 |   2 |  529.0 |
               +--------+--------+--------+--------+--------+-----+--------+

Top non-repeatable levels by time:
     D:1: 942 daAuts
     D:2: 115 daAuts
